[Event "19th Bangkok Open 2019"]
[Site "Bangkok"]
[Date "2019.04.06"]
[Round "1.6"]
[White "Wongsawan, Thoetsak"]
[Black "Stella, Andrea"]
[Result "0-1"]
[ECO "D85"]
[WhiteElo "1827"]
[BlackElo "2512"]
[Annotator "ChessBase"]
[PlyCount "136"]
[EventDate "2019.04.06"]
[EventType "swiss"]
[EventCountry "THA"]
[SourceTitle "playchess.com"]
[Source "ChessBase"]
[SourceQuality "1"]
[TimeControl "40/5400+30:1800+30"]

1. d4 Nf6 2. c4 g6 3. Nc3 d5 4. cxd5 Nxd5 5. e4 Nxc3 6. bxc3 Bg7 7. Nf3 c5 8. Rb1 O-O 9. Be2 cxd4 10. cxd4 Qa5+ 11. Qd2 Qxd2+ 12. Bxd2 e6 13. O-O b6 14. Rfd1 Bb7 15. d5 exd5 16. exd5 Nd7 17. Bc4 Rfd8 18. Bf4 Rac8 19. Bb3 h6 20. Rbc1 Rxc1 21. Rxc1 Nc5 22. Bc4 Ne4 23. Bc7 Rd7 24. Bb8 Bxd5 25. Bxd5 Rxd5 26. Bxa7 Nc3 27. Kf1 Rb5 28. a3 Rb2 29. g3 Ne4 30. Re1 Rxf2+ 31. Kg1 Rxf3 32. Rxe4 b5 33. Bc5 Rc3 34. Bb4 Rc2 35. Re8+ Kh7 36. Rd8 g5 37. g4 Rc4 38. h3 Bc3 39. Bf8 Bd4+ 40. Kg2 Bc5 41. Bxc5 Rxc5 42. Rb8 Kg7 43. Rb7 Kf6 44. Rb6+ Ke5 45. Kf3 Rc3+ 46. Kg2 Rb3 47. Kh2 Rb2+ 48. Kg3 Rb3+ 49. Kg2 f6 50. Kh2 f5 51. gxf5 Kxf5 52. Rxh6 Rxa3 53. Rb6 Rb3 54. Kg2 b4 55. Rb8 Ke4 56. Rg8 Re3 57. Rxg5 b3 58. Rb5 Kd4 59. h4 Kc4 60. Rb8 Re5 61. Rf8 b2 62. Rf1 Re4 63. Kg3 Kb3 64. h5 Ka2 65. Rf2 Ka1 66. Rf1+ b1=Q 67. Rxb1+ Kxb1 68. Kf3 Rh4 0-1

[Event "19th Bangkok Open 2019"]
[Site "Bangkok"]
[Date "2019.04.07"]
[Round "2.1"]
[White "Wiwatanadate, Poompong"]
[Black "Short, Nigel D"]
[Result "1/2-1/2"]
[ECO "A07"]
[WhiteElo "2025"]
[BlackElo "2636"]
[Annotator "RC"]
[PlyCount "98"]
[EventDate "2019.04.06"]
[EventType "swiss"]
[EventCountry "THA"]
[SourceTitle "playchess.com"]
[Source "ChessBase"]
[SourceQuality "1"]
[TimeControl "40/5400+30:1800+30"]

1. Nf3 d5 2. g3 Bg4 3. Bg2 Nd7 4. c4 e6 5. O-O Ngf6 6. h3 Bxf3 7. Bxf3 Ne5 8. Qb3 Nxf3+ 9. Qxf3 c6 10. cxd5 Qxd5 11. Kg2 Be7 12. Nc3 Qd7 13. d3 O-O 14. Be3 Rfd8 15. Rfc1 c5 16. Ne4 b6 17. a4 Nd5 18. a5 Rab8 19. axb6 axb6 20. Nc3 Nb4 21. Bf4 Rb7 22. Nb5 Nc6 23. Bd2 f5 24. Bc3 Bf6 25. Rab1 Rbb8 26. Na3 Rdc8 27. Nc4 b5 28. Bxf6 gxf6 29. Nd2 Nd4 30. Qe3 Qd5+ 31. f3 e5 32. Kf2 Kg7 33. g4 f4 34. Qe4 Qd6 35. Ra1 Rc7 36. Ra8 Rxa8 37. Qxa8 c4 38. dxc4 Qb4 39. Qd8 Rf7 40. Ne4 Qxb2 41. Re1 Qa3 42. cxb5 h6 43. b6 Qe3+ 44. Kf1 Ne6 45. Qe8 Qxb6 46. Rc1 Rf8 47. Qe7+ Rf7 48. Qe8 Rf8 49. Qe7+ Rf7 1/2-1/2

[Event "19th Bangkok Open 2019"]
[Site "Bangkok"]
[Date "2019.04.07"]
[Round "2.3"]
[White "Nouri, Alekhine"]
[Black "Lalith Babu M R"]
[Result "1/2-1/2"]
[ECO "B12"]
[WhiteElo "2001"]
[BlackElo "2577"]
[Annotator "ChessBase"]
[PlyCount "78"]
[EventDate "2019.04.06"]
[EventType "swiss"]
[EventCountry "THA"]
[SourceTitle "playchess.com"]
[Source "ChessBase"]
[SourceQuality "1"]
[TimeControl "40/5400+30:1800+30"]

1. e4 c6 2. d4 d5 3. e5 Bf5 4. Nf3 e6 5. Be2 Ne7 6. O-O Ng6 7. Be3 Nd7 8. Ne1 h5 9. a4 h4 10. a5 Bb4 11. a6 b6 12. h3 Bf8 13. Nd2 Ne7 14. Ndf3 f6 15. Nd3 Ng6 16. Nf4 fxe5 17. Nxg6 Bxg6 18. Ng5 Qf6 19. dxe5 Nxe5 20. Re1 Bc5 21. Bxc5 bxc5 22. f4 O-O 23. Nxe6 Qxe6 24. Bg4 Qf6 25. fxe5 Qf2+ 26. Kh1 Bf5 27. Rf1 Bxg4 28. Qxg4 Qxf1+ 29. Rxf1 Rxf1+ 30. Kh2 Re8 31. Qxh4 Rf7 32. Qa4 Re6 33. Qa5 c4 34. Qd8+ Kh7 35. Qh4+ Rh6 36. Qg4 Re7 37. Qf5+ Kg8 38. Qc8+ Kh7 39. Qf5+ Kg8 1/2-1/2

[Event "19th Bangkok Open 2019"]
[Site "Bangkok"]
[Date "2019.04.07"]
[Round "2.4"]
[White "Sengupta, Deep"]
[Black "Bhattacharya, Niladri Shekhar"]
[Result "1-0"]
[ECO "D30"]
[WhiteElo "2551"]
[BlackElo "1998"]
[Annotator "ChessBase"]
[PlyCount "71"]
[EventDate "2019.04.06"]
[EventType "swiss"]
[EventCountry "THA"]
[SourceTitle "playchess.com"]
[Source "ChessBase"]
[SourceQuality "1"]
[TimeControl "40/5400+30:1800+30"]

1. d4 Nf6 2. Bg5 d5 3. e3 c6 4. Bd3 Nbd7 5. Nf3 e6 6. Nbd2 Be7 7. c4 h6 8. Bh4 b6 9. Qa4 Bb7 10. cxd5 exd5 11. O-O O-O 12. Rac1 a6 13. Bg3 Nh5 14. Be5 g6 15. Rfd1 Qe8 16. Qb3 c5 17. dxc5 Nxc5 18. Qc2 Rc8 19. Be2 Nd7 20. Bc3 Bf6 21. Qb3 Bxc3 22. Rxc3 Rxc3 23. Qxc3 Nc5 24. Qb4 Qd8 25. Nc4 Nd7 26. Nfe5 Nxe5 27. Nxe5 Nf6 28. Nc4 Bc6 29. Bf3 Qc7 30. Nd2 Bb5 31. Qd4 Qd8 32. Nb1 Bd7 33. Nc3 Re8 34. Nxd5 Nxd5 35. Qxd5 Re7 36. Bg4 1-0

[Event "19th Bangkok Open 2019"]
[Site "Bangkok"]
[Date "2019.04.07"]
[Round "2.5"]
[White "Goh, Zi Han"]
[Black "Zhao, Zong-Yuan"]
[Result "0-1"]
[ECO "D31"]
[WhiteElo "1992"]
[BlackElo "2529"]
[Annotator "ChessBase"]
[PlyCount "84"]
[EventDate "2019.04.06"]
[EventType "swiss"]
[EventCountry "THA"]
[SourceTitle "playchess.com"]
[Source "ChessBase"]
[SourceQuality "1"]
[TimeControl "40/5400+30:1800+30"]

1. d4 d5 2. c4 e6 3. Nc3 c6 4. Nf3 dxc4 5. a4 Bb4 6. e4 b5 7. Be2 Bb7 8. O-O a6 9. Qc2 Ne7 10. b3 cxb3 11. Qxb3 Bd6 12. e5 Bc7 13. Ba3 O-O 14. Ne4 c5 15. Nxc5 Bd5 16. Qc2 Nbc6 17. Nb7 Qb8 18. Bxe7 Nxe7 19. Nc5 Rc8 20. axb5 axb5 21. Rxa8 Qxa8 22. Qb2 Bc6 23. Ra1 Qb8 24. Nd2 Bb6 25. Ndb3 Nf5 26. Bd3 Nh4 27. Bf1 h6 28. Qd2 Qc7 29. Qf4 Qe7 30. Ra6 Rb8 31. f3 Bd5 32. Kh1 b4 33. Qd2 Bxc5 34. Nxc5 b3 35. Qb2 Nf5 36. Bd3 Qh4 37. Ra1 Qxd4 38. Qxd4 Nxd4 39. Nd7 b2 40. Rb1 Rb3 41. Nc5 Rc3 42. Rxb2 Rc1+ 0-1

[Event "19th Bangkok Open 2019"]
[Site "Bangkok"]
[Date "2019.04.07"]
[Round "2.6"]
[White "Stella, Andrea"]
[Black "Mohd Saprin, Amir Ghaazi"]
[Result "1-0"]
[ECO "A57"]
[WhiteElo "2512"]
[BlackElo "1971"]
[Annotator "ChessBase"]
[PlyCount "101"]
[EventDate "2019.04.06"]
[EventType "swiss"]
[EventCountry "THA"]
[SourceTitle "playchess.com"]
[Source "ChessBase"]
[SourceQuality "1"]
[TimeControl "40/5400+30:1800+30"]

1. d4 Nf6 2. c4 c5 3. d5 b5 4. cxb5 a6 5. e3 axb5 6. Bxb5 Qa5+ 7. Nc3 Bb7 8. Bd2 Qb6 9. Nf3 Nxd5 10. a4 e6 11. O-O Be7 12. e4 Nxc3 13. Bxc3 Bxe4 14. Ne5 Qb7 15. Qg4 f6 16. Qxg7 Rf8 17. f3 Bf5 18. Nc4 Rf7 19. Qg8+ Rf8 20. Qg3 Bd3 21. Na5 Qb6 22. Bxd3 c4+ 23. Kh1 cxd3 24. Rfd1 Nc6 25. Nxc6 Qxc6 26. a5 Qc4 27. f4 Bb4 28. Bxb4 Qxb4 29. Qxd3 Rf7 30. f5 Qxb2 31. fxe6 dxe6 32. Qd6 Qb7 33. Qxe6+ Kf8 34. a6 Qe7 35. Qd5 Ra7 36. h3 Kg7 37. Qd3 Qe5 38. Re1 Qc7 39. Re8 Re7 40. Rxe7+ Qxe7 41. Qg3+ Kf7 42. Qb8 Kg6 43. Qg8+ Qg7 44. Qd8 Qf7 45. Ra3 h6 46. Qh8 Qe6 47. Qd8 Qe1+ 48. Kh2 Qe5+ 49. Rg3+ Kf5 50. Qc8+ Ke4 51. Qc4+ {[%emt 0:00:16] Kd5 [%clk 0:00:00]} 1-0

[Event "19th Bangkok Open 2019"]
[Site "Bangkok"]
[Date "2019.04.07"]
[Round "2.8"]
[White "Ly, Moulthun"]
[Black "Sibi Visal R"]
[Result "1-0"]
[ECO "B12"]
[WhiteElo "2490"]
[BlackElo "1955"]
[Annotator "RC"]
[PlyCount "83"]
[EventDate "2019.04.06"]
[EventType "swiss"]
[EventCountry "THA"]
[SourceTitle "playchess.com"]
[Source "ChessBase"]
[SourceQuality "1"]
[TimeControl "40/5400+30:1800+30"]

1. e4 c6 2. d4 d5 3. e5 Bf5 4. Nf3 e6 5. Be2 Nd7 6. O-O Bg6 7. c3 Ne7 8. a4 c5 9. dxc5 Nxc5 10. a5 Nc6 11. b4 Nd7 12. a6 b6 13. Bb5 Rc8 14. Qa4 Qc7 15. Bf4 Be7 16. Nbd2 O-O 17. Rfe1 Rfd8 18. h3 Nf8 19. Rac1 h6 20. Nb3 Be4 21. Nbd4 Nxd4 22. cxd4 Qb8 23. Nd2 Bh7 24. Bc6 b5 25. Qa5 Bd3 26. Qa3 Qb6 27. Bb7 Rxc1 28. Rxc1 Bc4 29. Be3 Nd7 30. Nb3 Nb8 31. Nc5 Nc6 32. Qb2 Qc7 33. f4 Rb8 34. Ra1 Nd8 35. Ra3 Bxc5 36. dxc5 Nxb7 37. axb7 Qxb7 38. Bd4 a6 39. Qf2 Rc8 40. Qh4 Qc6 41. Rg3 g6 42. f5 1-0

[Event "19th Bangkok Open 2019"]
[Site "Bangkok"]
[Date "2019.04.07"]
[Round "2.9"]
[White "Savige, Colin B"]
[Black "Swapnil, S. Dhopade"]
[Result "1-0"]
[ECO "B11"]
[WhiteElo "1952"]
[BlackElo "2488"]
[Annotator "ChessBase"]
[PlyCount "122"]
[EventDate "2019.04.06"]
[EventType "swiss"]
[EventCountry "THA"]
[SourceTitle "playchess.com"]
[Source "ChessBase"]
[SourceQuality "1"]
[TimeControl "40/5400+30:1800+30"]

1. e4 c6 2. Nf3 d5 3. Nc3 Nf6 4. e5 Ne4 5. Qe2 Nxc3 6. bxc3 e6 7. d4 c5 8. h4 Nc6 9. h5 h6 10. g3 Qa5 11. Bd2 Qa4 12. Be3 Qa3 13. Kd2 c4 14. Qd1 Nb8 15. Qc1 Qa5 16. a3 Nd7 17. Ng1 Nb6 18. Ne2 Na4 19. Ke1 Bd7 20. Bd2 O-O-O 21. g4 Be7 22. Rh3 Kb8 23. Bg2 Rc8 24. Kf1 Rc6 25. f4 Ra6 26. Rf3 Nb6 27. Qd1 Qb5 28. Bc1 g6 29. Ng3 Bh4 30. Bh3 Rg8 31. Kg2 Nc8 32. hxg6 fxg6 33. Ne2 Bd8 34. Kf1 h5 35. gxh5 gxh5 36. Rg3 Rxg3 37. Nxg3 h4 38. Nh5 Qa5 39. Bd2 Be7 40. Qg4 Qd8 41. Be1 Be8 42. Nf6 Bxf6 43. exf6 Qxf6 44. Bxh4 Qg6 45. f5 exf5 46. Qxf5 Nd6 47. Qxd5 Qxc2 48. Qf3 Rb6 49. Re1 Rb1 50. Bg2 Rxe1+ 51. Bxe1 Kc7 52. Bg3 Qc1+ 53. Kf2 Qc2+ 54. Kg1 Bc6 55. d5 Qc1+ 56. Kh2 Qh6+ 57. Kg1 Qc1+ 58. Bf1 Bd7 59. Qf6 Qe3+ 60. Qf2 Qxf2+ 61. Kxf2 Bf5 1-0

[Event "19th Bangkok Open 2019"]
[Site "Bangkok"]
[Date "2019.04.07"]
[Round "2.10"]
[White "Tantipura, Noppakorn"]
[Black "Kunte, Abhijit"]
[Result "0-1"]
[ECO "B43"]
[WhiteElo "1945"]
[BlackElo "2485"]
[Annotator "ChessBase"]
[PlyCount "83"]
[EventDate "2019.04.06"]
[EventType "swiss"]
[EventCountry "THA"]
[SourceTitle "playchess.com"]
[Source "ChessBase"]
[SourceQuality "1"]
[TimeControl "40/5400+30:1800+30"]

1. e4 c5 2. Nf3 e6 3. d4 cxd4 4. Nxd4 a6 5. Nc3 Qc7 6. Bd3 b5 7. a3 Bb7 8. O-O Nf6 9. Qe2 Bc5 10. Be3 Qb6 11. Nf3 Bxe3 12. fxe3 Nc6 13. Rae1 Qc7 14. Qf2 Ng4 15. Qh4 Nge5 16. Qg3 O-O 17. Rd1 Rac8 18. Ne2 Nxf3+ 19. gxf3 Qxg3+ 20. hxg3 Ne5 21. Nd4 f6 22. Rd2 Kf7 23. Kf2 Ke7 24. Rfd1 Rc7 25. Be2 g6 26. c3 h5 27. Ra1 Rh8 28. a4 Nc4 29. Bxc4 bxc4 30. Kg2 Rc5 31. Nc2 g5 32. Rd4 Rhc8 33. Rh1 g4 34. Rhd1 R8c7 35. Na3 f5 36. fxg4 hxg4 37. Kf2 Bxe4 38. Nb1 Rb7 39. R4d2 d5 40. Kg1 Rc8 41. Rh2 Rcb8 42. Rh7+ 0-1

[Event "19th Bangkok Open 2019"]
[Site "Bangkok"]
[Date "2019.04.07"]
[Round "2.11"]
[White "Lou, Yiping"]
[Black "Tobor, Mick"]
[Result "1-0"]
[ECO "B90"]
[WhiteElo "2482"]
[BlackElo "1949"]
[Annotator "RC"]
[PlyCount "66"]
[EventDate "2019.04.06"]
[EventType "swiss"]
[EventCountry "THA"]
[SourceTitle "playchess.com"]
[Source "ChessBase"]
[SourceQuality "1"]
[TimeControl "40/5400+30:1800+30"]

1. e4 c5 2. Nf3 d6 3. d4 cxd4 4. Nxd4 Nf6 5. Nc3 a6 6. h3 e5 7. Nde2 Be6 8. g4 Be7 9. g5 Nh5 10. h4 Nd7 11. Bg2 O-O 12. Bf3 Nf4 13. Nxf4 exf4 14. Bxf4 Ne5 15. Be2 Qb6 16. Rb1 Qc6 17. Be3 Rac8 18. f4 Nc4 19. Bd4 f5 20. Bf3 fxe4 21. Bxe4 d5 22. Bxh7+ Kxh7 23. Qh5+ Kg8 24. g6 Rf6 25. f5 Rxf5 26. Qh7+ Kf8 27. Qh8+ Bg8 28. Qxg7+ Ke8 29. Qxg8+ Kd7 30. Qg7 Qe6+ 31. Kd1 Rcf8 32. Re1 Rf1 33. Ne2 Qf5 1-0

[Event "19th Bangkok Open 2019"]
[Site "Bangkok"]
[Date "2019.04.07"]
[Round "2.12"]
[White "Nguyen, Le Minh Phu"]
[Black "Horvath, Jozsef"]
[Result "0-1"]
[ECO "D85"]
[WhiteElo "1934"]
[BlackElo "2479"]
[Annotator "ChessBase"]
[PlyCount "96"]
[EventDate "2019.04.06"]
[EventType "swiss"]
[EventCountry "THA"]
[SourceTitle "playchess.com"]
[Source "ChessBase"]
[SourceQuality "1"]
[TimeControl "40/5400+30:1800+30"]

1. d4 Nf6 2. c4 g6 3. Nc3 d5 4. cxd5 Nxd5 5. e4 Nxc3 6. bxc3 Bg7 7. Be3 c5 8. Nf3 Bg4 9. Rc1 O-O 10. Be2 Qa5 11. Qd2 e6 12. O-O cxd4 13. cxd4 Qxd2 14. Bxd2 Bxf3 15. Bxf3 Bxd4 16. Bb4 Rd8 17. e5 Nc6 18. Bxc6 bxc6 19. Bd6 c5 20. Rc4 f6 21. Be7 fxe5 22. Bxd8 Rxd8 23. Rb1 Rd7 24. a4 Kf7 25. a5 Ke7 26. Rcc1 Kd6 27. a6 Kc6 28. Rb8 Rf7 29. Rc2 e4 30. Re2 e5 31. g3 c4 32. Rxe4 Bxf2+ 33. Kg2 Bd4 34. Re2 c3 35. h4 h5 36. Rg8 Rf6 37. g4 hxg4 38. Kg3 Kd5 39. Kxg4 Rxa6 40. Kg5 Kc4 41. Rf8 Kd3 42. Rg2 c2 43. Rg3+ Be3+ 44. Rxe3+ Kxe3 45. Rc8 Kd2 46. Rd8+ Kc1 47. Rd5 Kb2 48. Rb5+ Kc3 0-1

[Event "19th Bangkok Open 2019"]
[Site "Bangkok"]
[Date "2019.04.08"]
[Round "3.4"]
[White "Habla, Jony"]
[Black "Stella, Andrea"]
[Result "0-1"]
[ECO "D85"]
[WhiteElo "2146"]
[BlackElo "2512"]
[Annotator "RC"]
[PlyCount "146"]
[EventDate "2019.04.06"]
[EventType "swiss"]
[EventCountry "THA"]
[SourceTitle "playchess.com"]
[Source "ChessBase"]
[SourceQuality "1"]
[TimeControl "40/5400+30:1800+30"]

1. d4 Nf6 2. c4 g6 3. Nc3 d5 4. cxd5 Nxd5 5. e4 Nxc3 6. bxc3 Bg7 7. Rb1 O-O 8. h3 c5 9. Nf3 cxd4 10. cxd4 Qa5+ 11. Bd2 Qxa2 12. Qc1 Qe6 13. Bd3 b6 14. d5 Qd7 15. Bb5 Qb7 16. O-O Bd7 17. Bd3 e6 18. Re1 exd5 19. exd5 Na6 20. Bh6 Rac8 21. Qg5 Nc5 22. Bxg7 Kxg7 23. Bc2 Qb8 24. Rb4 h6 25. Qc1 Rfe8 26. Qa1+ f6 27. Rd1 Re2 28. Qb1 Na6 29. Rb2 Qf4 30. Bd3 Rxb2 31. Qxb2 Nc5 32. Bf1 Qd6 33. Qb1 a5 34. Nh4 f5 35. Re1 Qf6 36. d6 Qxd6 37. Qa1+ Kh7 38. Bc4 Ne4 39. Rd1 Qe7 40. Qd4 Ba4 41. Ra1 Qc5 42. Qb2 Qxc4 43. Qxb6 Be8 44. Qxa5 Qd4 45. Qa2 Rc2 46. Qa7+ Qxa7 47. Rxa7+ Kg8 48. f4 Rc1+ 49. Kh2 Nd2 50. Kg3 Kf8 51. Ra6 Kg7 52. Re6 Bf7 53. Rb6 Rf1 54. Rb7 Rb1 55. Rd7 Rb2 56. Kh2 Ra2 57. Kg1 Ra1+ 58. Kf2 Ne4+ 59. Ke2 Kf6 60. Rc7 Ra2+ 61. Ke3 Ra3+ 62. Kd4 Ra4+ 63. Ke3 Rc4 64. Ra7 g5 65. fxg5+ Nxg5 66. Ra6+ Be6 67. g3 Rc3+ 68. Kf2 Nxh3+ 69. Kg2 Ng5 70. Kh2 Nf3+ 71. Nxf3 Rxf3 72. Ra4 Re3 73. Rh4 Kg5 0-1

[Event "19th Bangkok Open 2019"]
[Site "Bangkok"]
[Date "2019.04.10"]
[Round "5.7"]
[White "Susilodinata, Andrean"]
[Black "Ly, Moulthun"]
[Result "1-0"]
[ECO "C67"]
[WhiteElo "2314"]
[BlackElo "2490"]
[Annotator "ChessBase"]
[PlyCount "87"]
[EventDate "2019.04.06"]
[EventType "swiss"]
[EventCountry "THA"]
[SourceTitle "playchess.com"]
[Source "ChessBase"]
[SourceQuality "1"]
[TimeControl "40/5400+30:1800+30"]

1. e4 e5 2. Nf3 Nc6 3. Bb5 Nf6 4. O-O Nxe4 5. d4 Nd6 6. Bxc6 dxc6 7. dxe5 Nf5 8. Qxd8+ Kxd8 9. Nc3 Bd7 10. Bf4 h6 11. Rad1 Kc8 12. Rd3 Be6 13. b3 b6 14. h3 c5 15. Rfd1 Kb7 16. Nd5 Ne7 17. c4 a5 18. a4 g5 19. Bh2 Nc6 20. g4 Bg7 21. Nf6 Bxf6 22. exf6 Rag8 23. Kg2 Kc8 24. Ne5 Nd4 25. f4 gxf4 26. Bxf4 h5 27. g5 h4 28. g6 Rh5 29. g7 Rf5 30. Rxd4 cxd4 31. Nc6 Rxf6 32. Ne7+ Kb7 33. Nxg8 Rg6+ 34. Kf3 Rxg7 35. Nf6 Rg6 36. Ng4 c5 37. Re1 Rg8 38. Re5 Rc8 39. Nf2 Rd8 40. Bg5 Rd7 41. Ke2 d3+ 42. Kd2 Rd4 43. Be3 Rd8 44. Rh5 1-0

[Event "19th Bangkok Open 2019"]
[Site "Bangkok"]
[Date "2019.04.13"]
[Round "8.6"]
[White "Vasquez Schroeder, Rodrigo"]
[Black "Schebler, Gerhard"]
[Result "1/2-1/2"]
[ECO "A39"]
[WhiteElo "2487"]
[BlackElo "2385"]
[Annotator "ChessBase"]
[PlyCount "90"]
[EventDate "2019.04.06"]
[EventType "swiss"]
[EventCountry "THA"]
[SourceTitle "playchess.com"]
[Source "ChessBase"]
[SourceQuality "1"]
[TimeControl "40/5400+30:1800+30"]

1. d4 Nf6 2. c4 g6 3. g3 c5 4. Nf3 cxd4 5. Nxd4 Bg7 6. Bg2 O-O 7. Nc3 Nc6 8. O-O Qa5 9. e3 d6 10. Qe2 Bg4 11. Qd2 Rfc8 12. b3 Rab8 13. h3 Bd7 14. Nde2 a6 15. a3 b5 16. b4 Qb6 17. cxb5 axb5 18. f4 Be6 19. Bb2 Bc4 20. Kh2 d5 21. Rfc1 Rd8 22. Nd1 Ne4 23. Qc2 e5 24. fxe5 Nxe5 25. Bd4 Qd6 26. Nf4 Nxg3 27. Bc5 Qc7 28. Kxg3 Nd3 29. h4 d4 30. Be4 Nxc5 31. bxc5 d3 32. Qd2 Bxa1 33. Rxa1 Qe5 34. Nc3 h6 35. Kf2 Qxc5 36. Bf3 Rb6 37. Ne4 Qe5 38. Qa5 Rbb8 39. Qc3 Qxc3 40. Nxc3 b4 41. axb4 Rxb4 42. e4 d2 43. Nfd5 Bxd5 44. Nxd5 Rb2 45. Ke2 Kg7 1/2-1/2

[Event "19th Bangkok Open 2019"]
[Site "Bangkok"]
[Date "2019.04.13"]
[Round "8.11"]
[White "Sriram, Jha"]
[Black "Habla, Jony"]
[Result "1/2-1/2"]
[ECO "D38"]
[WhiteElo "2381"]
[BlackElo "2146"]
[Annotator "NA"]
[PlyCount "203"]
[EventDate "2019.04.06"]
[EventType "swiss"]
[EventCountry "THA"]
[SourceTitle "playchess.com"]
[Source "ChessBase"]
[SourceQuality "1"]
[TimeControl "40/5400+30:1800+30"]

1. d4 d5 2. c4 e6 3. Nc3 Bb4 4. Nf3 Nf6 5. Qa4+ Nc6 6. e3 O-O 7. Qc2 {[%emt 0:00:10] D38: Queen's Gambit Declined: Ragozin Defence (4 Nf3 Bb4)} dxc4 8. Bxc4 e5 9. dxe5 Ng4 {[%emt 0:03:00] LiveBook: 7 Games} 10. Bd2 $146 ({Predecessor:} 10. O-O Ngxe5 11. Nxe5 Nxe5 12. Be2 Bg4 13. f3 Bd7 14. a3 Bd6 {1-0 (28) Shirov,A (2696)-Hou,Y (2609) Tromsoe 2013}) 10... Ngxe5 11. Be2 Be6 12. O-O Re8 13. Rfd1 Bf8 14. Nb5 Nd7 15. Bc3 a6 16. Nbd4 Nxd4 17. Nxd4 Bd6 18. Nf5 Bxf5 19. Qxf5 Qe7 20. g3 Nf8 21. Bf3 Rab8 22. Rac1 Qe6 23. Qg5 Qg6 24. Qh4 Be7 25. Qc4 Bd6 26. a3 Ne6 27. Bg2 Ng5 28. Rd5 Ne4 29. Be1 Nf6 30. Rdd1 Qf5 31. Qc2 Qh5 32. h3 Re6 33. Rd4 Qb5 34. b4 Qe8 35. Rh4 g6 36. Bc3 c6 37. Rd1 Qe7 38. Rc4 Re8 39. Qb2 Be5 40. Bxe5 Rxe5 41. Rcd4 h5 42. Rd6 Kh7 43. R6d4 Kg8 44. Qc3 Kh7 45. R1d3 Kg8 46. Rd6 Kh7 47. R3d4 Rf8 48. Rd3 Nd5 49. Bxd5 Qxd6 50. Bxc6 Qc7 51. Bxb7 Qxc3 52. Rxc3 a5 53. Bc6 axb4 54. axb4 Rb8 55. Rc4 Kg7 56. Kg2 Re6 57. b5 Re5 58. Rd4 Kf6 59. Rb4 Rc5 60. Rf4+ Ke6 61. Rd4 Rc2 62. g4 hxg4 63. hxg4 Rb2 64. Bd5+ Ke7 65. Re4+ Kd6 66. Bxf7 g5 67. Be8 Ra8 68. Kg3 Raa2 69. Bf7 Ra1 70. Rd4+ Ke7 71. Bc4 Ra4 72. Kf3 Rbb4 73. Re4+ Kd6 74. Bd3 Rxe4 75. Bxe4 Rb4 76. Bc6 Rb2 77. Kg3 Rb3 78. Kf3 Rb2 79. Kg2 Rb4 80. f3 Rb2+ 81. Kf1 Kc5 82. Ke1 Ra2 83. Bd7 Rb2 84. Kf1 Kd6 85. Be8 Ke7 86. Bc6 Kd6 87. Ke1 Kc5 88. Be8 Ra2 89. Bc6 Rb2 90. Kd1 Rf2 91. Ke1 Rb2 92. f4 gxf4 93. exf4 Rb4 94. Kf2 Rxf4+ {[%emt 0:00:18] Double Attack} 95. Kg3 Rb4 96. Kh4 Kd6 $11 97. Kh5 Ke6 98. g5 Kf7 99. Bd5+ Kg7 100. Bc6 Kf7 101. Bd5+ Kg7 102. Bc6 1/2-1/2

[Event "19th Bangkok Open 2019"]
[Site "Bangkok"]
[Date "2019.04.13"]
[Round "8.12"]
[White "Damia, Angelo"]
[Black "Vijayalakshmi, Subbaraman"]
[Result "1/2-1/2"]
[ECO "B33"]
[WhiteElo "2215"]
[BlackElo "2345"]
[Annotator "NA"]
[PlyCount "102"]
[EventDate "2019.04.06"]
[EventType "swiss"]
[EventCountry "THA"]
[SourceTitle "playchess.com"]
[Source "ChessBase"]
[SourceQuality "1"]
[TimeControl "40/5400+30:1800+30"]

1. e4 c5 2. Nf3 Nc6 3. d4 cxd4 4. Nxd4 e5 5. Nb5 d6 {[%emt 0:00:11] LiveBook: 4879 Games} 6. N1c3 a6 7. Na3 Nf6 8. Bg5 Be6 9. Nc4 b5 10. Ne3 {[%emt 0:00:05] B33: Sicilian: Pelikan and Sveshnikov Variations} Be7 $1 11. a4 b4 12. Bxf6 $1 Bxf6 13. Ncd5 Bg5 {[%emt 0:00:19] [#]} 14. h4 $146 ({Predecessor:} 14. Bd3 O-O 15. h4 Bxe3 16. Nxe3 Ne7 17. Qf3 Qd7 {½-½ (27) Fedorov,A (2616)-Somkin,E (2387) Izhevsk 2010}) 14... Bxh4 (14... Bxe3 $1 $15 15. Nxe3 O-O) 15. Rxh4 ({White should play} 15. Nf5 $11 Bxf5 16. exf5) 15... Qxh4 16. Nc7+ Kd7 17. Nxa8 Rxa8 18. Qd3 Qd8 19. Rd1 $1 Ke7 ({Better is} 19... Qc7 $15) 20. Nd5+ Bxd5 (20... Ke8 $15) 21. exd5 ({White should try} 21. Qxd5 $14 Na5 {[#]} 22. f4 $1 exf4 23. e5) 21... Nd4 22. Qxh7 Qa5 23. Bd3 Qxd5 {[%emt 0:06:49] Remove Defender} 24. Qxg7 Ne6 25. Qg4 Rh8 26. Qe4 Qc5 27. Bxa6 Rh1+ 28. Bf1 Nd4 29. Rxd4 Qxd4 30. Qxd4 exd4 31. b3 Ke6 32. a5 Ke5 33. f4+ Kxf4 34. Kf2 f6 35. a6 Rh7 36. g3+ Ke5 37. Kf3 Rc7 38. Bd3 Rc5 39. Kg4 Ra5 40. Kh5 {[%emt 0:00:00] [#]} Ra1 (40... Ke6+ $142 $1 41. Kh6 Kd7) 41. Kg6 Ke6 42. Bc4+ d5 43. Bd3 Rg1 44. Bf5+ Ke5 45. g4 d3 46. Bxd3 Rxg4+ 47. Kf7 Rg1 48. Bb5 Rh1 49. Kg7 Rg1+ 50. Kf8 Rh1 51. Kg7 Rg1+ $11 (51... Ra1 $5 52. Ba4 $8 Rg1+ 53. Kf8 Rh1 $11) 1/2-1/2

[Event "19th Bangkok Open 2019"]
[Site "Bangkok"]
[Date "2019.04.14"]
[Round "9.9"]
[White "Habla, Jony"]
[Black "Ly, Moulthun"]
[Result "0-1"]
[ECO "E90"]
[WhiteElo "2146"]
[BlackElo "2490"]
[Annotator "ChessBase"]
[PlyCount "149"]
[EventDate "2019.04.06"]
[EventType "swiss"]
[EventCountry "THA"]
[SourceTitle "playchess.com"]
[Source "ChessBase"]
[SourceQuality "1"]
[TimeControl "40/5400+30:1800+30"]

1. d4 g6 2. c4 Bg7 3. Nc3 d6 4. e4 Nf6 5. h3 O-O 6. Nf3 e5 7. d5 Na6 8. Bg5 Qe8 9. Be2 Nh5 10. g3 f5 11. exf5 gxf5 12. Nh4 Nf6 13. Qc2 Nb4 14. Qd2 a5 15. a3 Na6 16. Qc2 Nc5 17. Be3 e4 18. Ng2 Nfd7 19. Nf4 Ne5 20. Rd1 Bd7 21. O-O Ng6 22. Bh5 Be5 23. Kh1 Qf7 24. Rg1 Qg7 25. Qe2 Kh8 26. Nb5 c6 27. Nc3 Rf7 28. Rg2 Rg8 29. Rdg1 Qf6 30. Bxg6 hxg6 31. h4 Rh7 32. Rh2 Nb3 33. Qd1 Nd4 34. Bxd4 Bxd4 35. Nh3 e3 36. fxe3 Bxe3 37. Rf1 Re7 38. Qf3 Rge8 39. Re2 Bd4 40. Rfe1 Rxe2 41. Rxe2 Rxe2 42. Qxe2 Qe5 43. Nf4 Kg7 44. Kg2 Kf7 45. Qd3 Be3 46. Nfe2 Bc5 47. a4 Be3 48. Kf3 Bh6 49. Kf2 Ke7 50. Kf3 Kd8 51. Kf2 Kc7 52. b3 f4 53. gxf4 Bxf4 54. Qe4 Qxe4 55. Nxe4 Be5 56. Kf3 Bf5 57. Nf4 Kb6 58. Ke3 Bxf4+ 59. Kxf4 cxd5 60. Nxd6 Bc2 61. cxd5 Bxb3 62. Ke5 Bxa4 63. Nc4+ Kb5 64. Nb2 Bb3 65. Nd3 b6 66. Kd4 a4 67. d6 Kc6 68. Ne5+ Kxd6 69. Nxg6 b5 70. Nf4 a3 71. Kc3 Bc4 72. h5 b4+ 73. Kc2 b3+ 74. Kc3 b2 75. Kd4 {[%emt 0:01:06] Ke5+} 0-1